[Event "3. Laufenburger Open Gruppe A"]
[Site "?"]
[Date "2015.10.10"]
[Round "3.6"]
[White "Döserich, Jürgen"]
[Black "Fischer, Thomas"]
[Result "1-0"]
[ECO "A81"]
[WhiteElo "2030"]
[BlackElo "1970"]
[PlyCount "161"]
[TimeControl "240"]

{518MB, Rybka3Gen.ctg} 1. d4 f5 2. g3 Nf6 3. Bg2 g6 4. c3 Bg7
5. Qb3 c6 6. Nd2 d5 7. Nh3 Qb6 8. Nf4 O-O 9. Nf3 Ne4 10. Nd3 Be6 11. Bf4 Nd7
12. Nde5 Ndf6 13. h4 Rae8 14. Ng5 Bc8 15. f3 Nd6 16. O-O-O Qa6 17. e4 Nc4 18.
Kb1 Nh5 19. exd5 cxd5 20. Rhe1 Nxf4 21. gxf4 Bxe5 22. dxe5 e6 23. Bf1 b5 24.
Qb4 Bd7 25. b3 h6 26. Nh3 Rb8 27. Ka1 Na5 28. Bd3 Qb6 29. Rg1 Kf7 30. Rg3 Nb7
31. h5 Qc5 32. Rxg6 Rh8 33. Rdg1 Rbg8 34. Bc2 Be8 35. Kb2 Qxb4 36. cxb4 Nd8 37.
Rf6+ Ke7 38. Rxg8 Rxg8 39. Rxh6 Rg2 40. Rh7+ Kf8 41. Kc3 Rh2 42. Ng5 Rxh5 43.
Rxa7 Rh4 44. Nh7+ Kg8 45. Nf6+ Kf8 46. Bd3 d4+ 47. Kd2 Rh2+ 48. Be2 Bc6 49. Kd3
Bd5 50. Rc7 Rf2 51. Rh7 Nc6 52. Nxd5 exd5 53. a3 Ne7 54. Rh6 Kg7 55. Rf6 Rh2
56. a4 Rh4 57. Kxd4 Rxf4+ 58. Kc5 Ng6 59. Kxd5 bxa4 60. bxa4 Rxb4 61. Bb5 Rb3
62. Ke6 Rxf3 63. Rf7+ Kg8 64. Rc7 Nf8+ 65. Kf6 Nh7+ 66. Ke7 f4 67. Bc4+ Kg7 68.
Ke6+ Kg6 69. Bd5 Ng5+ 70. Ke7 Re3 71. Kd6 Ne4+ 72. Bxe4+ Rxe4 73. e6 Rxa4 74.
Rf7 Ra6+ 75. Kd5 Ra4 76. Rf8 Kg7 77. e7 Ra5+ 78. Ke4 Ra4+ 79. Kf3 Ra3+ 80. Kg4
Rg3+ 81. Kh4 1-0

[Event "3. Laufenburger Open Gruppe A"]
[Site "?"]
[Date "2015.10.11"]
[Round "4.5"]
[White "Urwyler, Nikash"]
[Black "Bruttel, Philipp"]
[Result "1-0"]
[ECO "C77"]
[WhiteElo "1905"]
[BlackElo "1853"]
[PlyCount "91"]
[TimeControl "240"]

{518MB, Rybka3Gen.ctg} 1. e4 e5 2. Nf3 Nc6 3. Bb5 a6 4. Ba4
Nf6 5. d3 d6 6. c3 b5 7. Bc2 Be7 8. O-O O-O 9. a4 Bg4 10. h3 Bh5 11. Re1 Qd7
12. Nbd2 b4 13. Nf1 Rab8 14. Ng3 Bxf3 15. Qxf3 b3 16. Bd1 Qe6 17. Nf5 Nd7 18.
Qg3 Qg6 19. Bg4 Nf6 20. Nh4 Nxe4 21. Nxg6 Nxg3 22. Nxf8 f5 23. Bf3 e4 24. dxe4
fxe4 25. fxg3 exf3 26. Ne6 Ne5 27. Nxc7 f2+ 28. Kxf2 Nd3+ 29. Kf1 Nxe1 30. Kxe1
Bf6 31. Nd5 Re8+ 32. Kf2 Kf7 33. Nxf6 Kxf6 34. Ra3 Rb8 35. a5 Rb5 36. Be3 Kf5
37. Ra4 Rd5 38. Ke2 Re5 39. Kd3 g5 40. g4+ Kg6 41. Kd2 Rd5+ 42. Bd4 Kf7 43. Ra3
Ke6 44. Rxb3 Rxa5 45. Ra3 Rb5 46. b4 1-0